TOP OF THE 1ST |
Detroit Dirty Snow batting - Pitching for El Paso Texans : RHP Carlos Sánchez
|
Pitching: RHP Carlos Sánchez
|
|
Batting: SHB Cristián López
|
0-0: Ball 1-0: Ball 2-0: Ball 3-0: Called Strike 3-1: Foul Ball, location: 2F 3-2: Base on Balls
|
Batting: RHB Cristo Souza
|
0-0: Swinging Strike 0-1: Swinging Strike 0-2: Ball 1-2: Strikes out looking
|
Batting: LHB Félix Costa
|
0-0: Ball 1-0: Ball Cristián López steals 2nd base 2-0: SINGLE (Line Drive, 5L) Cristián López to third Runner from 3rd tries for Home, SAFE, throw made home
|
Batting: RHB Manuel Flores
|
0-0: Ball 1-0: SINGLE (Flyball, 78S) Félix Costa to second
|
Batting: RHB Gary Wyatt
|
0-0: Ball 1-0: Foul Ball, location: 2F 1-1: Ball 2-1: Ball 3-1: Foul Ball, location: 2F 3-2: DOUBLE (Line Drive, 89M) Félix Costa scores Manuel Flores to third
|
Batting: RHB Charlie O'Farrell
|
0-0: Ball 1-0: Ball 2-0: Ball 3-0: Called Strike 3-1: Foul Ball, location: 2F 3-2: Base on Balls
|
Batting: SHB Víctor Torres
|
0-0: Called Strike 0-1: Ball 1-1: Foul Ball, location: 2F 1-2: Fielders Choice at 2nd, 3-6 (Groundball, 3) Manuel Flores scores Gary Wyatt to third
|
Batting: SHB Alan Garland
|
0-0: Reached on error, E4 (Groundball, 4) Gary Wyatt scores Víctor Torres to second
|
Batting: RHB Kelsey Scott
|
0-0: Called Strike 0-1: Ball 1-1: Ball 2-1: Swinging Strike 2-2: SINGLE (Groundball, 56D) Víctor Torres to third Alan Garland to second
|
Batting: SHB Cristián López
|
0-0: Ball 1-0: Swinging Strike 1-1: Called Strike 1-2: Ball 2-2: Ground out U3 (Groundball, 3S)
|
Top of the 1st over - 4 run(s), 4 hit(s), 1 error(s), 3 left on base; Detroit 4 - El Paso 0 |
BOTTOM OF THE 1ST |
El Paso Texans batting - Pitching for Detroit Dirty Snow : RHP José Rocha
|
Pitching: RHP José Rocha
|
|
Batting: SHB Rick Hinton
|
0-0: Ball 1-0: Foul Ball, location: 2F 1-1: Swinging Strike 1-2: Foul Ball, location: 2F 1-2: Ball 2-2: Strikes out looking
|
Batting: LHB William Foley
|
0-0: Ball 1-0: Ball 2-0: Foul Ball, location: 2F 2-1: Fly out, F7 (Flyball, 7LSF)
|
Batting: RHB José Murillo
|
0-0: SINGLE (Line Drive, 9S)
|
Batting: LHB Roberto Félix
|
0-0: Called Strike 0-1: Ball José Murillo steals 2nd base 1-1: Swinging Strike 1-2: SINGLE (Line Drive, 56D) José Murillo to third Runner from 3rd tries for Home, SAFE, no throw
|
Batting: RHB Javier Álvarez
|
0-0: Ball 1-0: Foul Ball, location: 2F 1-1: Foul Ball, location: 2F 1-2: Strikes out swinging
|
Bottom of the 1st over - 1 run(s), 2 hit(s), 0 error(s), 1 left on base; Detroit 4 - El Paso 1 |
TOP OF THE 2ND |
Detroit Dirty Snow batting - Pitching for El Paso Texans : RHP Carlos Sánchez
|
Batting: RHB Cristo Souza
|
0-0: Called Strike 0-1: Swinging Strike 0-2: Strikes out swinging
|
Batting: LHB Félix Costa
|
0-0: Fly out, F8 (Flyball, 8LD)
|
Batting: RHB Manuel Flores
|
0-0: Ball 1-0: SINGLE (Line Drive, 56)
|
Batting: RHB Gary Wyatt
|
0-0: Ball 1-0: Ball Manuel Flores steals 2nd base 2-0: Ball 3-0: Called Strike 3-1: 2-RUN HOME RUN (Flyball, 9LD), Distance : 372 ft
|
Batting: RHB Charlie O'Farrell
|
0-0: Ball 1-0: Called Strike 1-1: Ball 2-1: Ball 3-1: Foul Ball, location: 2F 3-2: Strikes out swinging
|
Top of the 2nd over - 2 run(s), 2 hit(s), 0 error(s), 0 left on base; Detroit 6 - El Paso 1 |
BOTTOM OF THE 2ND |
El Paso Texans batting - Pitching for Detroit Dirty Snow : RHP José Rocha
|
Batting: LHB Cipriano Rangel
|
0-0: Swinging Strike 0-1: Ball 1-1: Swinging Strike 1-2: Foul Ball, location: 2F 1-2: Foul Ball, location: 2F 1-2: Strikes out swinging
|
Batting: SHB Richie Gallegos
|
0-0: Swinging Strike 0-1: Foul Ball, location: 2F 0-2: Foul Ball, location: 2F 0-2: Ball 1-2: Ball 2-2: Ball 3-2: Fly out, F8 (Flyball, 8RM)
|
Batting: SHB Oliver Riley
|
0-0: Foul Ball, location: 2F 0-1: Called Strike 0-2: Foul Ball, location: 2F 0-2: SINGLE (Line Drive, 56D)
|
Batting: LHB Michael Melton
|
0-0: Ball 1-0: Called Strike 1-1: Ball 2-1: Foul Ball, location: 2F 2-2: Ball Throwing error on steal attempt, E2 Oliver Riley to third 3-2: Ground out 4-3 (Groundball, 4)
|
Bottom of the 2nd over - 0 run(s), 1 hit(s), 1 error(s), 1 left on base; Detroit 6 - El Paso 1 |
TOP OF THE 3RD |
Detroit Dirty Snow batting - Pitching for El Paso Texans : RHP Carlos Sánchez
|
Batting: SHB Víctor Torres
|
0-0: Called Strike 0-1: Ball 1-1: Ball 2-1: Ball 3-1: Base on Balls
|
Batting: SHB Alan Garland
|
0-0: Ball 1-0: Called Strike 1-1: Ball 2-1: Ball 3-1: Called Strike 3-2: Foul Ball, location: 2F 3-2: Foul Ball, location: 2F 3-2: Base on Balls Víctor Torres to second
|
Batting: RHB Kelsey Scott
|
0-0: Ball 1-0: Called Strike 1-1: Ball 2-1: Foul Ball, location: 2F 2-2: Ball 3-2: Foul Ball, location: 2F 3-2: Strikes out swinging
|
Batting: SHB Cristián López
|
0-0: Called Strike 0-1: Ball 1-1: Swinging Strike 1-2: Ball 2-2: Foul Ball, location: 2F 2-2: Foul Ball, location: 2F 2-2: Foul Ball, location: 2F 2-2: Fielders Choice at 2nd, 1-6 (Groundball, 13S) Víctor Torres to third
|
Pitching: RHP Mike Marks
|
|
Batting: RHB Cristo Souza
|
0-0: Called Strike 0-1: Ball 1-1: Called Strike 1-2: Ball 2-2: Foul Ball, location: 2F 2-2: Foul Ball, location: 2F 2-2: Fly out, F4 (Popup, 34)
|
Top of the 3rd over - 0 run(s), 0 hit(s), 0 error(s), 2 left on base; Detroit 6 - El Paso 1 |
BOTTOM OF THE 3RD |
El Paso Texans batting - Pitching for Detroit Dirty Snow : RHP José Rocha
|
Batting: SHB Rick Hinton
|
0-0: Called Strike 0-1: Fly out, F8 (Flyball, 78M)
|
Batting: LHB William Foley
|
0-0: Ball 1-0: Ball 2-0: Ball 3-0: Foul Ball, location: 2F 3-1: Called Strike 3-2: Strikes out swinging
|
Batting: RHB José Murillo
|
0-0: Ball 1-0: Foul Ball, location: 2F 1-1: Ball 2-1: Swinging Strike 2-2: Strikes out swinging
|
Bottom of the 3rd over - 0 run(s), 0 hit(s), 0 error(s), 0 left on base; Detroit 6 - El Paso 1 |
TOP OF THE 4TH |
Detroit Dirty Snow batting - Pitching for El Paso Texans : RHP Mike Marks
|
Batting: LHB Félix Costa
|
0-0: Foul Ball, location: 2F 0-1: Foul Ball, location: 2F 0-2: Foul Ball, location: 2F 0-2: Ball 1-2: Foul Ball, location: 2F 1-2: Foul Ball, location: 2F 1-2: Ball 2-2: Foul Ball, location: 2F 2-2: Ball 3-2: Ground out 5-3 (Groundball, 56)
|
Batting: RHB Manuel Flores
|
0-0: Swinging Strike 0-1: Foul Ball, location: 2F 0-2: Strikes out swinging
|
Batting: RHB Gary Wyatt
|
0-0: Ball 1-0: Ball 2-0: Ball 3-0: Called Strike 3-1: Base on Balls
|
Batting: RHB Charlie O'Farrell
|
0-0: Ball 1-0: Called Strike 1-1: Called Strike Gary Wyatt steals 2nd base 1-2: Foul Ball, location: 2F 1-2: Strikes out swinging
|
Top of the 4th over - 0 run(s), 0 hit(s), 0 error(s), 1 left on base; Detroit 6 - El Paso 1 |
BOTTOM OF THE 4TH |
El Paso Texans batting - Pitching for Detroit Dirty Snow : RHP José Rocha
|
Batting: LHB Roberto Félix
|
0-0: SINGLE (Groundball, 56D)
|
Batting: RHB Javier Álvarez
|
0-0: Called Strike 0-1: DOUBLE (Flyball, 89XD) Roberto Félix to third
|
Batting: LHB Cipriano Rangel
|
0-0: Called Strike 0-1: Foul Ball, location: 2F 0-2: Ball 1-2: Ground out 4-3 (Groundball, 4S) Roberto Félix scores Javier Álvarez to third
|
Batting: SHB Richie Gallegos
|
0-0: Ball 1-0: Ball 2-0: Called Strike 2-1: Called Strike 2-2: Ball 3-2: Ground out 3-1 (Groundball, 34S) Javier Álvarez scores
|
Batting: SHB Oliver Riley
|
0-0: Called Strike 0-1: Foul Ball, location: 2F 0-2: Ground out 6-3 (Groundball, 6)
|
Bottom of the 4th over - 2 run(s), 2 hit(s), 0 error(s), 0 left on base; Detroit 6 - El Paso 3 |
TOP OF THE 5TH |
Detroit Dirty Snow batting - Pitching for El Paso Texans : RHP Mike Marks
|
Batting: SHB Víctor Torres
|
0-0: Ball 1-0: Ball 2-0: Ball 3-0: Called Strike 3-1: Base on Balls
|
Batting: SHB Alan Garland
|
0-0: Ball 1-0: Fielders Choice at 2nd, 6-4 (Groundball, 6)
|
Batting: RHB Kelsey Scott
|
0-0: Ball 1-0: Called Strike 1-1: Ball 2-1: Foul Ball, location: 2F 2-2: Foul Ball, location: 2F 2-2: Ball 3-2: Base on Balls Alan Garland to second
|
Batting: SHB Cristián López
|
0-0: Called Strike 0-1: Ball 1-1: Ball 2-1: Ball 3-1: Base on Balls Alan Garland to third Kelsey Scott to second
|
Batting: RHB Cristo Souza
|
0-0: Fly out, F8 (Flyball, 8LM) Runner from 3rd tags up, SCORES, throw made
|
Batting: LHB Félix Costa
|
0-0: Ball 1-0: Ball Passed Ball! Kelsey Scott to third Cristián López to second 2-0: Ball 3-0: Called Strike 3-1: Foul Ball, location: 2F 3-2: Ground out 4-3 (Groundball, 4)
|
Top of the 5th over - 1 run(s), 0 hit(s), 0 error(s), 2 left on base; Detroit 7 - El Paso 3 |
BOTTOM OF THE 5TH |
El Paso Texans batting - Pitching for Detroit Dirty Snow : RHP José Rocha
|
Batting: LHB Michael Melton
|
0-0: Ball 1-0: Foul Ball, location: 2F 1-1: Ground out U3 (Groundball, 3)
|
Batting: SHB Rick Hinton
|
0-0: Swinging Strike 0-1: Ball 1-1: Foul Ball, location: 2F 1-2: Strikes out swinging
|
Batting: LHB William Foley
|
0-0: Ball 1-0: Foul Ball, location: 2F 1-1: Swinging Strike 1-2: Ball 2-2: Foul Ball, location: 2F 2-2: Ball 3-2: Base on Balls
|
Pitching: LHP Alonso Pineda
|
|
Batting: RHB José Murillo
|
0-0: Ball 1-0: Ball 2-0: Ball 3-0: Base on Balls William Foley to second
|
Batting: LHB Roberto Félix
|
0-0: Ball 1-0: Fly out, F7 (Flyball, 7S)
|
Bottom of the 5th over - 0 run(s), 0 hit(s), 0 error(s), 2 left on base; Detroit 7 - El Paso 3 |
TOP OF THE 6TH |
Detroit Dirty Snow batting - Pitching for El Paso Texans : RHP Mike Marks
|
Pitching: RHP Firmino Orsi
|
|
Batting: RHB Manuel Flores
|
0-0: Swinging Strike 0-1: Called Strike 0-2: Fly out, F7 (Flyball, 78S)
|
Batting: RHB Gary Wyatt
|
0-0: Fly out, F9 (Flyball, 9)
|
Batting: RHB Charlie O'Farrell
|
0-0: Ball 1-0: Ball 2-0: Ball 3-0: Called Strike 3-1: Called Strike 3-2: DOUBLE (Line Drive, 78D)
|
Batting: SHB Víctor Torres
|
0-0: Ball 1-0: Called Strike 1-1: Fly out, F8 (Line Drive, 8LM)
|
Top of the 6th over - 0 run(s), 1 hit(s), 0 error(s), 1 left on base; Detroit 7 - El Paso 3 |
BOTTOM OF THE 6TH |
El Paso Texans batting - Pitching for Detroit Dirty Snow : LHP Alonso Pineda
|
Batting: RHB Javier Álvarez
|
0-0: Swinging Strike 0-1: Fly out, F8 (Flyball, 8RM)
|
Batting: LHB Cipriano Rangel
|
0-0: Ball 1-0: Ball 2-0: Called Strike 2-1: SINGLE (Groundball, 34D)
|
Batting: SHB Richie Gallegos
|
0-0: Fly out, F7 (Flyball, 78XD)
|
Batting: SHB Oliver Riley
|
0-0: Called Strike 0-1: Ball 1-1: Fly out, F9 (Flyball, 89S)
|
Bottom of the 6th over - 0 run(s), 1 hit(s), 0 error(s), 1 left on base; Detroit 7 - El Paso 3 |
TOP OF THE 7TH |
Detroit Dirty Snow batting - Pitching for El Paso Texans : RHP Firmino Orsi
|
Batting: SHB Alan Garland
|
0-0: Ball 1-0: Foul Ball, location: 2F 1-1: Ball 2-1: Swinging Strike 2-2: Strikes out looking
|
Batting: RHB Kelsey Scott
|
0-0: Called Strike 0-1: Foul Ball, location: 2F 0-2: Strikes out looking
|
Batting: SHB Cristián López
|
0-0: Ground out 4-3 (Groundball, 4)
|
Top of the 7th over - 0 run(s), 0 hit(s), 0 error(s), 0 left on base; Detroit 7 - El Paso 3 |
BOTTOM OF THE 7TH |
El Paso Texans batting - Pitching for Detroit Dirty Snow : LHP Alonso Pineda
|
Batting: LHB Michael Melton
|
0-0: Ball 1-0: Ground out U3 (Groundball, 34)
|
Batting: SHB Rick Hinton
|
0-0: Ball 1-0: Ball 2-0: Ball 3-0: Called Strike 3-1: Base on Balls
|
Batting: LHB William Foley
|
0-0: Ball 1-0: Ball 2-0: Foul Ball, location: 2F 2-1: Ball 3-1: Base on Balls Rick Hinton to second
|
Batting: RHB José Murillo
|
0-0: Ball 1-0: Ball 2-0: Called Strike 2-1: Called Strike Rick Hinton steals 3rd base William Foley to second 2-2: Ball 3-2: Fly out, F8 (Flyball, 8LM) Runner from 3rd tags up, SCORES, no throw
|
Batting: LHB Roberto Félix
|
0-0: Called Strike 0-1: Ball 1-1: Called Strike 1-2: Ball 2-2: Ball 3-2: SINGLE (Line Drive, 8RS) William Foley to third William Foley scores
|
Batting: RHB Javier Álvarez
|
0-0: Ball 1-0: Called Strike 1-1: Foul Ball, location: 2F 1-2: SINGLE (Groundball, 6MD) Roberto Félix to second
|
Pinch Hitting: RHB John Wilson
|
0-0: SINGLE (Groundball, 56D) Roberto Félix to third Javier Álvarez to second Runner from 3rd tries for Home, SAFE, no throw
|
Batting: SHB Richie Gallegos
|
0-0: Ball 1-0: Foul Ball, location: 2F 1-1: Ball 2-1: Called Strike 2-2: Foul Ball, location: 2F 2-2: Ball 3-2: Ground out 6-3 (Groundball, 6)
|
Bottom of the 7th over - 3 run(s), 3 hit(s), 0 error(s), 2 left on base; Detroit 7 - El Paso 6 |
TOP OF THE 8TH |
Detroit Dirty Snow batting - Pitching for El Paso Texans : RHP Firmino Orsi
|
Now at 2B: John Wilson
|
|
Batting: RHB Cristo Souza
|
0-0: DOUBLE (Line Drive, 8LM)
|
Pinch Runner at 2nd Lee Jenkins:
|
|
Batting: LHB Félix Costa
|
0-0: Intentional Walk
|
Batting: RHB Manuel Flores
|
0-0: Ball 1-0: Ball 2-0: Ball 3-0: Called Strike 3-1: Fly out, F8 (Flyball, 8RD)
|
Batting: RHB Gary Wyatt
|
0-0: Fly out, F9 (Flyball, 9LSF)
|
Batting: RHB Charlie O'Farrell
|
0-0: Ball 1-0: Ball 2-0: Ball 3-0: Called Strike 3-1: Swinging Strike 3-2: Base on Balls Lee Jenkins to third Félix Costa to second
|
Batting: SHB Víctor Torres
|
0-0: Called Strike 0-1: Ball 1-1: Ball 2-1: Foul Ball, location: 2F 2-2: Foul Ball, location: 2F 2-2: Ball 3-2: Foul Ball, location: 2F 3-2: Foul Ball, location: 2F 3-2: Base on Balls Lee Jenkins scores Félix Costa to third Charlie O'Farrell to second
|
Batting: SHB Alan Garland
|
0-0: Ball 1-0: Called Strike 1-1: Ball 2-1: SINGLE (Groundball, 6MD) Félix Costa scores Charlie O'Farrell to third Víctor Torres to second Runner from 3rd tries for Home, SAFE, no throw
|
Pitching: RHP Derek Baker
|
|
Batting: RHB Kelsey Scott
|
0-0: Ball 1-0: Foul Ball, location: 2F 1-1: Foul Ball, location: 2F 1-2: Ball 2-2: Foul Ball, location: 2F 2-2: Foul Ball, location: 2F 2-2: Ball 3-2: SINGLE (Flyball, 9LS) Víctor Torres to third Alan Garland to second Víctor Torres scores Alan Garland to third
|
Batting: SHB Cristián López
|
0-0: Ball 1-0: Ball 2-0: Ball 3-0: Called Strike 3-1: Base on Balls Kelsey Scott to second
|
Batting: LHB Lee Jenkins
|
0-0: Fielders Choice at 2nd, 6-4 (Groundball, 6)
|
Top of the 8th over - 4 run(s), 3 hit(s), 0 error(s), 2 left on base; Detroit 11 - El Paso 6 |
BOTTOM OF THE 8TH |
El Paso Texans batting - Pitching for Detroit Dirty Snow : LHP Alonso Pineda
|
Pitching: RHP Mark Messier
|
|
Now at C: Lee Jenkins
|
|
Batting: SHB Oliver Riley
|
0-0: Ball 1-0: Swinging Strike 1-1: Foul Ball, location: 2F 1-2: Foul Ball, location: 2F 1-2: Ball 2-2: Ball 3-2: SINGLE (Groundball, 56D)
|
Batting: LHB Michael Melton
|
0-0: Ball 1-0: Ball Wild Pitch! Oliver Riley to second 2-0: Ground out 5-3 (Groundball, 56S) Oliver Riley to third
|
Batting: SHB Rick Hinton
|
0-0: Ball 1-0: Swinging Strike 1-1: Ball 2-1: Ball 3-1: Swinging Strike 3-2: Foul Ball, location: 2F 3-2: Foul Ball, location: 2F 3-2: Foul Ball, location: 2F 3-2: Foul Ball, location: 2F 3-2: Strikes out looking
|
Batting: LHB William Foley
|
0-0: Ball 1-0: Ball 2-0: Ball 3-0: Called Strike 3-1: Fly out, F7 (Flyball, 7)
|
Bottom of the 8th over - 0 run(s), 1 hit(s), 0 error(s), 1 left on base; Detroit 11 - El Paso 6 |
TOP OF THE 9TH |
Detroit Dirty Snow batting - Pitching for El Paso Texans : RHP Derek Baker
|
Batting: LHB Félix Costa
|
0-0: Ball 1-0: Called Strike 1-1: Hit by Pitch
|
Batting: RHB Manuel Flores
|
0-0: Called Strike 0-1: Ball 1-1: SINGLE (Groundball, 4MD) Félix Costa to second Runner from 2nd tries for 3rd, SAFE, no throw
|
Batting: RHB Gary Wyatt
|
0-0: Swinging Strike 0-1: Foul Ball, location: 2F 0-2: Strikes out looking
|
Batting: RHB Charlie O'Farrell
|
0-0: Swinging Strike 0-1: Ball 1-1: Foul Ball, location: 2F 1-2: SINGLE (Line Drive, 56D) Félix Costa scores Manuel Flores to second
|
Batting: SHB Víctor Torres
|
0-0: Ball 1-0: Ball 2-0: Called Strike 2-1: SINGLE (Groundball, 3D) Manuel Flores to third Charlie O'Farrell to second
|
Batting: SHB Alan Garland
|
0-0: Called Strike 0-1: Ball 1-1: Foul Ball, location: 2F 1-2: Ball 2-2: Foul Ball, location: 2F 2-2: DOUBLE (Line Drive, 9LS) Manuel Flores scores Charlie O'Farrell scores Víctor Torres to third
|
Pitching: RHP Ralph Miller
|
|
Batting: RHB Kelsey Scott
|
0-0: Called Strike 0-1: Fly out, F9 (Flyball, 9) Runner from 3rd tags up, SCORES, throw made
|
Batting: SHB Cristián López
|
0-0: Ball 1-0: Foul Ball, location: 2F 1-1: Ball 2-1: Ground out 4-3 (Groundball, 4)
|
Top of the 9th over - 4 run(s), 4 hit(s), 0 error(s), 1 left on base; Detroit 15 - El Paso 6 |
BOTTOM OF THE 9TH |
El Paso Texans batting - Pitching for Detroit Dirty Snow : RHP Mark Messier
|
Batting: RHB José Murillo
|
0-0: Ball 1-0: Called Strike 1-1: SINGLE (Flyball, 8RS)
|
Batting: LHB Roberto Félix
|
0-0: Foul Ball, location: 2F 0-1: Foul Ball, location: 2F 0-2: Foul Ball, location: 2F 0-2: Ball 1-2: Foul Ball, location: 2F 1-2: Ball 2-2: Foul Ball, location: 2F 2-2: Ball 3-2: Strikes out swinging José Murillo steals 2nd base Batter strikes out.
|
Batting: RHB Javier Álvarez
|
0-0: Ball 1-0: Ball 2-0: Ball 3-0: Swinging Strike 3-1: Ground out 5-3 (Groundball, 56S) José Murillo to third
|
Batting: RHB John Wilson
|
0-0: Ball 1-0: Ball 2-0: Ball 3-0: Called Strike 3-1: Base on Balls
|
Batting: SHB Richie Gallegos
|
0-0: Ball 1-0: Fly out, F9 (Flyball, 89S)
|
Bottom of the 9th over - 0 run(s), 1 hit(s), 0 error(s), 2 left on base; Detroit 15 - El Paso 6 |
|